 Dungeon Crawl Stone Soup version 0.29.1-1-gd02db6906a (webtiles) character file.

Game seed: 15325757900794073201

324 byup the Covered (level 6, -7/49 HPs)
             Began as a Barachi Fighter on Oct 12, 2022.
             Was a Follower of Vehumet.
             Mangled by an orc wizard
             ... wielding a +2 dagger of electrocution
              (16 damage)
             ... on level 4 of the Dungeon on Oct 13, 2022.
             The game lasted 00:23:23 (2493 turns).

byup the Covered (Barachi Fighter)                  Turns: 2493, Time: 00:23:24

Health: -7/49      AC: 13    Str: 26    XL:     6   Next: 48%
Magic:  6/6        EV:  7    Int:  8    God:    Vehumet [*.....]
Gold:   77         SH:  4    Dex: 11    Spells: 5/5 levels left

rFire   . . .      SeeInvis .   a - +0 long sword
rCold   . . .      Faith    .   c - +0 buckler
rNeg    . . .      Spirit   .   l - +0 plate armour
rPois   .          Reflect  .   (no helmet)
rElec   .          Harm     .   (no cloak)
rCorr   .          Rampage  .   i - +0 pair of gloves
Will    +....                   (no boots)
Stlth   ..........              x - amulet of the acrobat
HPRegen 0.16/turn               r - ring of willpower
MPRegen 0.10/turn               v - +6 ring of strength

@: slow
A: amphibious, slowness 1, strong legs 1, +LOS
a: Hop, Renounce Religion


You were on level 4 of the Dungeon.
You worshipped Vehumet.
Vehumet was aware of your devotion.
You visited 1 branch of the dungeon, and saw 4 of its levels.

You collected 77 gold pieces.

Inventory:

Hand Weapons
 a - a +0 long sword (weapon)
 j - a +2 short sword of draining
 k - a +0 falchion
Missiles
 f - 17 stones (quivered)
Armour
 c - a +0 buckler (worn)
 i - a +0 pair of gloves (worn)
 l - a +0 plate armour (worn)
Jewellery
 r - a ring of willpower (left hand)
 u - a ring of protection from cold
 v - a +6 ring of strength (right hand)
 x - an amulet of the acrobat (around neck)
Scrolls
 g - 2 scrolls of magic mapping {unknown}
 h - 3 scrolls of poison
 o - 3 scrolls of immolation
 q - a scroll of amnesia {unknown}
 s - 2 scrolls of enchant weapon {unknown}
 t - a scroll of teleportation {unknown}
 y - a scroll of fog {unknown}
 B - a scroll of enchant armour {unknown}
Potions
 b - a potion of degeneration {unknown}
 d - a potion of might
 e - 3 potions of lignification {unknown}
 m - 3 potions of heal wounds {unknown}
 n - a potion of invisibility {unknown}
 p - 2 potions of mutation {unknown}
 w - a potion of ambrosia {unknown}
 z - 2 potions of curing {unknown}
 A - a potion of haste {unknown}
 C - a potion of resistance {unknown}


   Skills:
 + Level 4.5 Fighting
 + Level 5.1 Long Blades
 + Level 0.4 Throwing
 + Level 5.5 Armour
 + Level 1.1 Dodging
 + Level 4.2 Shields


You had 5 spell levels left.
You didn't know any spells.
Your spell library contained the following spells:

 Spells                   Type           Power      Damage    Failure   Level
 Freeze                   Ice            0%         1d3       100%        1
 Magic Dart               Conj           0%         1d3       100%        1
 Shock                    Conj/Air       0%         1d3       100%        1
 Searing Ray              Conj           0%         2d4       100%        2
 Swiftness                Air            0%         N/A       100%        3
 Tukima's Dance           Hex            0%         N/A       100%        3
 Airstrike                Air            0%         2d(0-16)  100%        4
 Fulminant Prism          Conj/Hex       0%         3d6       100%        4
 Passage of Golubria      Tloc           0%         N/A       100%        4
 Yara's Violent Unravell  Hex/Tmut       0%         3d3       100%        5


Dungeon Overview and Level Annotations

Branches:
Dungeon (3/15)

Altars:
Qazlal
Vehumet


Innate Abilities, Weirdness & Mutations

You are amphibious.
You cover ground slowly.
You can hop short distances.
You have an extended range of vision and can be seen from far away.


Message History

You miss something. Something hits you but does no damage.
The orc wizard casts a spell at you.
The puff of flame hits you but does no damage.
Something hits you but does no damage.
The orc wizard points at you and mumbles some strange words.
You resist with almost no effort.
You slash something! Vehumet accepts your kill.
Reactivating autopickup.
You feel a bit more experienced.
The orc wizard hits you with a +2 dagger of electrocution.
You are electrocuted!
Your Dodging skill increases to level 1!
You hit the orc wizard but do no damage.
You block the orc wizard's attack.
You slash the orc wizard!
The orc wizard is heavily wounded.
You block the orc wizard's attack.
You hit the orc wizard but do no damage.
The orc wizard is heavily wounded.
The orc wizard gestures at you while chanting.
The magic dart hits you.
* * * LOW HITPOINT WARNING * * *
You closely miss the orc wizard.
The orc wizard is heavily wounded.
The orc wizard hits you with a +2 dagger of electrocution.
* * * LOW HITPOINT WARNING * * *
You slash the orc wizard!
The orc wizard is almost dead.
The orc wizard hits you but does no damage.
You block the orc wizard's attack.
You barely miss the orc wizard.
The orc wizard is almost dead.
The orc wizard hits you with a +2 dagger of electrocution.
* * * LOW HITPOINT WARNING * * *
You barely miss the orc wizard.
The orc wizard is almost dead.
The orc wizard hits you but does no damage.
You are electrocuted!
You die...

## #>### .... ...#
#..# #.. # #. #o## .#
#.#.# #)@## ..#
..#..####.)## ...#
.............#)...#
.##.≈≈≈≈≈≈≈≈≈.......#
....≈.......≈.##.####
..#.≈.≈≈≈≈...).#...#
....≈.≈§..≈.≈....#..#
....≈.§§_.≈.≈.#.###...
....≈§§§..≈.≈.#.# ##..


You could see an orc wizard.

Vanquished Creatures
  A necrophage (D:3)
  2 howler monkeys (D:3)
  A hound (D:3)
  An orc wizard (D:4)
  5 adders
  A gnoll (D:3)
  A worm (D:2)
  A dart slug (D:1)
  4 orcs
  3 ball pythons (D:3)
  4 bats
  3 endoplasms
  6 goblins
  4 hobgoblins
  16 jackals
  3 kobolds (D:1)
  A quokka (D:1)
  2 frilled lizards (D:1)
  6 rats
65 creatures vanquished.

Vanquished Creatures (others)
  3 fungi (D:3)
  9 plants (D:3)
12 creatures vanquished.

Grand Total: 77 creatures vanquished

Notes
Turn   | Place    | Note
-------+----------+-------------------------------------------
     0 | D:1      | byup the Barachi Fighter began the quest for the Orb.
     0 | D:1      | Reached XP level 1. HP: 18/18 MP: 1/1
    53 | D:1      | Reached XP level 2. HP: 15/25 MP: 2/2
   165 | D:1      | Reached XP level 3. HP: 16/30 MP: 3/3
  1305 | D:2      | Reached XP level 4. HP: 24/37 MP: 4/4
  1955 | D:3      | Noticed a necrophage
  1971 | D:3      | Killed a necrophage
  1972 | D:3      | Reached XP level 5. HP: 42/42 MP: 5/5
  1978 | D:3      | Found a faded altar of an unknown god.
  1987 | D:3      | Prayed at the altar of an unknown god.
  1987 | D:3      | Became a worshipper of Vehumet
  1987 | D:3      | Reached * piety under Vehumet
  1987 | D:3      | Offered knowledge of Freeze by Vehumet.
  2278 | D:3      | Reached skill level 5 in Armour
  2304 | D:3      | Reached skill level 5 in Long Blades
  2311 | D:3      | Reached XP level 6. HP: 34/49 MP: 6/6
  2436 | D:3      | You fall into a shaft and drop 1 floor!
  2436 | D:4      | Found a stormy altar of Qazlal.
  2487 | D:4      | Reached skill level 1 in Dodging
  2493 | D:4      | Mangled by an orc wizard

Illustrated notes

Levels and vault maps discovered:
D:1:      dpeg_arrival_pits, layout_basic
D:2:      layout_loops_cross, corner_web_ring
D:3:      lemuel_castle_with_subvaults [lemuel_castle_interior_carwin_3],
          layout_basic, hellmonk_ecumenical_altar_blasted, uniq_sigmund
D:4:      layout_basic, mainiacjoe_overflow_concentric_impassable

Skill      XL: |  1  2  3  4  5  6 |
---------------+-------------------+-----
Fighting       | 4 |  4.5
Armour         | 4 5 |  5.5
Long Blades    | 3 4 5 |  5.1
Shields        | 4 |  4.2
Dodging        | 1 |  1.1
Throwing       | |  0.4

Action                   |  1- 3 |  4- 6 || total
-------------------------+-------+-------++-------
Melee: Long sword        |   105 |   192 ||   297
Throw: Stone             |    10 |       ||    10
 Abil: Hop               |     1 |       ||     1
  Use: Scroll            |     1 |     1 ||     2
Armor: Scale mail        |    39 |       ||    39
       Plate armour      |    29 |   128 ||   157
Dodge: Dodged            |    41 |    86 ||   127
Block: Buckler           |    22 |    39 ||    61
